 Dungeon Crawl Stone Soup version 0.22-a0-580-gd5db89c09a (webtiles) character file.

41 M4edhros the Grave Robber (level 3, -4/21 HPs)
             Began as an Octopode Necromancer on July 3, 2018.
             Slain by a centaur skeleton (7 damage)
             ... on level 2 of the Dungeon.
             The game lasted 00:02:24 (575 turns).

M4edhros the Grave Robber (Octopode Necromancer)     Turns: 575, Time: 00:02:24

Health: -4/21      AC:  1    Str: 12    XL:     3   Next: 52%
Magic:  6/6        EV: 13    Int: 22    God:
Gold:   54         SH:  0    Dex: 15    Spells: 1/6 levels left

rFire    . . .     SeeInvis .   e - +2 short sword (drain)
rCold    . . .     Gourm    .   (no shield)
rNeg     . . .     Faith    .   (helmet restricted)
rPois    +         Spirit   .   (no amulet)
rElec    .         Reflect  .   d - +2 ring of dexterity
rCorr    .         Harm     .   j - ring of poison resistance
MR       .....                  (no ring)
Stlth    +++.......             (no ring)
HPRegen  0.07/turn              (no ring)
MPRegen  0.10/turn              (no ring)
                                (no ring)
                                (no ring)

@: mighty, brilliant
A: almost no armour, stealthy swim, amphibious, 8 rings, constrict 8, camouflage
1, gelatinous body 1
a: no special abilities


You were on level 2 of the Dungeon.
You were not hungry.

You visited 1 branch of the dungeon, and saw 2 of its levels.

You collected 54 gold pieces.

Inventory:

Hand Weapons
 e - a +2 short sword of draining (weapon)
Jewellery
 d - a +2 ring of dexterity (left tentacle)
 j - a ring of poison resistance (right tentacle)
Scrolls
 c - a scroll of teleportation {unknown}
 f - a scroll of identify {unknown}
 h - a scroll of immolation {unknown}
Potions
 i - a potion of brilliance
Comestibles
 b - 2 rations
 g - 4 chunks of flesh


   Skills:
 - Level 2.0 Dodging
 - Level 2.6 Stealth
 + Level 3.0 Unarmed Combat
 - Level 2.0 Spellcasting
 - Level 4.0 Necromancy


You had one spell level left.
You knew the following spells:

 Your Spells              Type           Power        Failure   Level  Hunger
a - Pain                  Necr           ####         1%          1    #......
b - Animate Skeleton      Necr           N/A          1%          1    #......
c - Regeneration          Chrm/Necr      ###.......   2%          3    ###....

Your spell library contained the following spells:

 Spells                   Type           Power        Failure   Level  Hunger
 Animate Dead             Necr           N/A          3%          4    #####..
 Vampiric Draining        Necr           ####......   1%          3    ###....


Dungeon Overview and Level Annotations

Branches:
Dungeon (2/15)

Altars:
Sif Muna


Innate Abilities, Weirdness & Mutations

You cannot wear most types of armour.
You are very stealthy in the water. (Stealth+)
You are amphibious.
You can wear up to eight rings at the same time.
You can use your tentacles to constrict eight enemies at once.
Your skin changes colour to match your surroundings (Stealth+).
Your rubbery body absorbs attacks. (AC +1, EV +1)


Message History

You puncture the jackal!
You kill the jackal!
The jackal bites you.
Unknown command.
You barely miss the jackal. Your grab misses the jackal. The jackal bites you.
The centaur skeleton hits you.
* * * LOW HITPOINT WARNING * * *
Unknown command.
The jackal barely misses you.
You puncture the jackal!
You kill the jackal!
The jackal barely misses you. The centaur skeleton hits you.
* * * LOW HITPOINT WARNING * * *
Okay, then.
The jackal barely misses you. The centaur skeleton hits you.
* * * LOW HITPOINT WARNING * * *
The jackal closely misses you. The centaur skeleton hits you!
You die...

### #.###### #########.†....#
#.......#.####.# #....##.#....#.#
#..#[#.....#@#.# ######
#.#..#.......#Z#.#####....#
#.#..#..#....hh.>.........#
#.#..#..#.................#
###.#.....#.................#
....#...).#....(............###
........hh#..###..............###
....)..##†#...................#..
..........†...##..............#..


You could see 2 jackals and a centaur skeleton.

Vanquished Creatures
  An adder (D:2)
  An ooze (D:2)
  5 bats
  A goblin (D:1)
  2 hobgoblins (D:2)
  5 jackals
  3 kobolds (D:1)
  3 frilled lizards
  5 rats (D:1)
26 creatures vanquished.

Notes
Turn   | Place    | Note
-------+----------+-------------------------------------------
     0 | D:1      | M4edhros the Octopode Necromancer began the quest for the Orb.
     0 | D:1      | Reached XP level 1. HP: 11/11 MP: 3/3
    93 | D:2      | Found a deep blue altar of Sif Muna.
   110 | D:2      | Reached skill level 1 in Unarmed Combat
   110 | D:2      | Reached XP level 2. HP: 9/17 MP: 0/5
   166 | D:1      | Learned a level 1 spell: Animate Skeleton
   302 | D:1      | Reached XP level 3. HP: 7/21 MP: 6/6
   307 | D:1      | Learned a level 3 spell: Regeneration
   575 | D:2      | Slain by a centaur skeleton

Vault maps used:
D:1:      dpeg_arrival_chambers_temple_mockup
D:2:      overflow_temple_1_default, first_ration

Skill      XL: |  1  2  3 |
---------------+----------+-----
Unarmed Combat | 1 2 3 |  3.0
Dodging        | |  2.0
Stealth        | |  2.6
Spellcasting   | |  2.0
Necromancy     | |  4.0

Action                   || total
-------------------------++-------
Melee: Short sword       ||    44
       Constrict         ||     8
       Tentacles         ||     5
       Punch             ||     1
 Cast: Pain              ||     3
       Animate Skeleton  ||     7
       Regeneration      ||     1
  Use: Potion            ||     3
 Stab: Sleeping          ||     5
Armor: Skin              ||     8
Dodge: Dodged            ||    43

Table legend:
 A = Spawn XP
 B = Non-spawn XP
 C = Spawn XP percentage of total XP
 D = Spawn monster count
 E = Non-spawn monster count
 F = Spawn count percentage of total count
 G = Total turns spent on level
                    A         B        C        D         E        F      G
               +---------+---------+-------+---------+---------+-------+---------
         Total |       0 |      59 |   0.0 |       0 |      26 |   0.0 |   575
               +---------+---------+-------+---------+---------+-------+---------
           D:1 |       0 |      23 |   0.0 |       0 |      15 |   0.0 |   366
           D:2 |       0 |      36 |   0.0 |       0 |      11 |   0.0 |   209
               +---------+---------+-------+---------+---------+-------+---------
